 Dungeon Crawl Stone Soup version 0.23.2-1-ga50397a6bc (webtiles) character file.

Game seed: 9606731212590219140

103 voshx1 the Skirmisher (level 4, 0/41 HPs)
             Began as a Minotaur Berserker on Apr 26, 2019.
             Was a Believer of Trog.
             Killed by nerve-wracking pain
             ... invoked by Grinder
              (8 damage)
             ... on level 3 of the Dungeon.
             The game lasted 00:05:47 (2506 turns).

voshx1 the Skirmisher (Minotaur Berserker)          Turns: 2506, Time: 00:05:47

Health: 0/41       AC:  5    Str: 22    XL:     4   Next: 51%
Magic:  12/12      EV: 12    Int:  4    God:    Trog [**....]
Gold:   208        SH:  0    Dex: 10    Spells: 3/3 levels left

rFire    . . .     SeeInvis .   a - +0 short sword
rCold    . . .     Gourm    +   (no shield)
rNeg     . . .     Faith    .   s - +0 ring mail
rPois    .         Spirit   .   (helmet restricted)
rElec    .         Reflect  .   (no cloak)
rCorr    .         Harm     .   (no gloves)
MR       .....                  (no boots)
Stlth    +.........             h - amulet of the gourmand
HPRegen  0.13/turn              (no ring)
MPRegen  0.13/turn              j - ring of magical power

@: berserk cooldown, slowed, very slow
A: retaliatory headbutt, horns 2
a: Berserk, Trog's Hand, Renounce Religion


You were on level 3 of the Dungeon.
You worshipped Trog.
Trog was pleased with you.
You were near starving.

You visited 1 branch of the dungeon, and saw 3 of its levels.

You collected 208 gold pieces.

Inventory:

Hand Weapons
 a - a +0 short sword (weapon)
Armour
 b - a +0 animal skin
 s - a +0 ring mail (worn)
Magical Staves
 t - an uncursed staff of power
Jewellery
 d - a -4 ring of strength
 h - an amulet of the gourmand (around neck)
 j - a ring of magical power (right hand)
 u - a +4 ring of intelligence
Scrolls
 e - a scroll of teleportation
 f - 3 scrolls of identify
 k - 3 scrolls of amnesia
 l - a scroll of blinking {unknown}
 m - a scroll of immolation {unknown}
 n - 3 scrolls of remove curse
 v - a scroll of magic mapping {unknown}
 x - a scroll of enchant weapon {unknown}
Potions
 g - a potion of might {unknown}
 i - 2 potions of cancellation {unknown}
 o - 2 potions of curing {unknown}
 p - 2 potions of haste {unknown}
 q - a potion of heal wounds {unknown}
 r - a potion of ambrosia {unknown}
 w - a potion of invisibility {unknown}
Comestibles
 c - 8 rations


   Skills:
 + Level 4.6 Fighting
 + Level 4.3 Short Blades
 + Level 3.0 Armour
 + Level 3.0 Dodging
 + Level 0.5 Stealth


You had 3 spell levels left.
You didn't know any spells.
Your spell library was empty.

Dungeon Overview and Level Annotations

Branches:
Dungeon (3/15)

Altars:
Uskayaw

Annotations:
D:3 Grinder


Innate Abilities, Weirdness & Mutations

You reflexively headbutt those who attack you in melee.
You have a pair of horns on your head.


Message History

You closely miss the goblin. The goblin barely misses you.
You furiously retaliate!
You headbutt the goblin!!
You kill the goblin!
Trog accepts your kill.
Items here: )) †† a +0 club x2; a hobgoblin corpse; a goblin corpse You feel a strong urge to attack something.
You start resting.
You feel your anger nearly subside.
You are no longer berserk.
You are exhausted.
You feel yourself slow down.
You start resting.
Grinder comes into view.
Grinder is nearby!
Grinder is nearby!
Grinder blinks!
You see here 17 sling bullets.
Grinder gestures at you. Pain shoots through your body!
You die...

######### ####
#.......#
.....######.#<....#
.......)(@......#
......#).)......+
###?..)5####...#
#.....#((#...#
#####
#..._.#..#...#
#...#
........#..#.###
#...#
#..##....####)#
#...# #..
#.........# #...# .
#.#.......# ##...#


You could see Grinder and 2 dancing weapons.

Vanquished Creatures
  Robin (D:3)
  2 adders (D:3)
  A dart slug (D:2)
  5 leopard geckos
  An orc (D:3)
  2 giant cockroaches
  12 goblins
  8 hobgoblins
  4 jackals (D:1)
  10 bats
  6 frilled lizards
  7 kobolds
  4 rats
63 creatures vanquished.

Notes
Turn   | Place    | Note
-------+----------+-------------------------------------------
     0 | D:1      | voshx1 the Minotaur Berserker began the quest for the Orb.
     0 | D:1      | Reached XP level 1. HP: 19/19 MP: 0/0
   374 | D:1      | Reached XP level 2. HP: 24/27 MP: 1/1
   679 | D:1      | Reached XP level 3. HP: 33/33 MP: 2/2
  1057 | D:2      | Reached ** piety under Trog
  2201 | D:3      | Reached XP level 4. HP: 41/41 MP: 3/3
  2431 | D:3      | Noticed a +0 hand axe
  2431 | D:3      | Noticed a +0 dagger
  2454 | D:3      | Found a hide-covered altar of Uskayaw.
  2466 | D:3      | Noticed Robin
  2481 | D:3      | Killed Robin
  2504 | D:3      | Noticed Grinder
  2506 | D:3      | Killed from afar by Grinder

Skill      XL: |  1  2  3  4 |
---------------+-------------+-----
Fighting       | 4 |  4.6
Short Blades   | 4 |  4.3
Armour         | 3 |  3.0
Dodging        | 3 |  3.0
Stealth        | |  0.5

Action                   |  1- 3 |  4- 6 || total
-------------------------+-------+-------++-------
Melee: Short sword       |    97 |    43 ||   140
       Headbutt          |     8 |     4 ||    12
Invok: Berserk           |       |     1 ||     1
  Use: Scroll            |     3 |       ||     3
  Eat: Ration            |     1 |       ||     1
       Chunk             |       |     1 ||     1
Armor: Animal skin       |    11 |       ||    11
       Ring mail         |     4 |    25 ||    29
Dodge: Dodged            |    62 |    39 ||   101
